 Dungeon Crawl Stone Soup version 0.32-a0-814-g0968bab981 (webtiles) character file.

Game seed: 4012174532091633525

85969 Rohain the Spry (level 16, -6/130 HPs)
             Began as a Djinni Fire Elementalist on Mar 22, 2024.
             Was a High Priest of Ashenzari.
             Killed from afar by Roxanne (45 damage)
             ... with an iron shot
             ... on level 14 of the Dungeon on Mar 23, 2024.
             The game lasted 01:32:12 (33887 turns).

Rohain the Spry (Djinni Fire Elementalist)         Turns: 33887, Time: 01:32:12

Health: -6/130     AC: 13    Str: 10    XL:     16   Next: 32%
Gold:   1778       EV: 29    Int: 29    God:    Ashenzari [*****.] SH:  5 Dex: 19

rFire   + + +        J - staff of the Fated Bitterness (curse) {rPois Alchemy, Sorc, Range} (curse)
rCold   x . .        x - orb "Enigmatic Scepticism" {*channel, Fort, Self} (curse)
rNeg    . . .        q - +4 leather armour of the Chained Chagrin {+Inv, Elem, Cun} (curse)
rPois   ∞            T - +2 hat "Thunder Perfect Mind" {rC+ rCorr Dex+4, Bglg, Elem} (curse)
rElec   +            (no cloak)
rCorr   +            B - +1 pair of gloves "Share My Malaise" {Melee, Elem} (curse)
SInv    +            (boots unavailable)
Will    +....        e - amulet "Lashed Burden" {Reflect SH+5, Cun, Elem} (curse)
Stlth   ++++++       R - ring "At What Cost Knowledge?" {Fly rPois EV+5 Str+3 Int+2, Self, Sorc} (curse)
HPRegen 0.41/turn    o - ring of Star-Bound Wisdom {Fire MP+9 Int+3, Elem, Sorc} (curse)
MPRegen 0.00/turn

%: reflection, clarity, infuse magic (-7 HP)
@: flying, hasted, very quick
A: sickness immunity, fire resistance 2, cold vulnerability 1, float, innate
caster, HP casting, extra vitality 1, iridescent scales 1, sense surroundings 1,
electricity resistance, sturdy frame 1
a: Renounce Religion, Evoke Invisibility, Curse Item, Shatter the Chains


You were on level 14 of the Dungeon.
You worshipped Ashenzari.
Ashenzari was extremely pleased with you.
You visited 3 branches of the dungeon, and saw 21 of its levels.
You also visited: Bailey and Gauntlet.

You collected 1943 gold pieces.
You spent 165 gold pieces at shops.

Inventory:

Missiles
 w - 16 darts of dispersal
 N - 2 throwing nets
Armour
 a - a +0 robe
 q - the cursed +4 leather armour of the Chained Chagrin (worn) {+Inv, Elem, Cun}
   (You found it on level 9 of the Dungeon)

   +Inv:      It lets you turn invisible.
   It has a curse which improves the following skills: Elements: Fire Magic, Ice
   Magic, Air Magic and Earth Magic.
   Cunning:   Dodging and Stealth.
 x - the cursed orb "Enigmatic Scepticism" (worn) {*channel, Fort, Self}
   (You found it on level 7 of the Dungeon)

   It has a curse which improves the following skills: Fortitude: Armour and
   Shields.
   Introspection: Fighting and Spellcasting.
 B - the cursed +1 pair of gloves "Share My Malaise" (worn) {Melee, Elem}
   (You bought it in a shop on level 7 of the Dungeon)

   It has a curse which improves the following skills: Melee Combat: Short
   Blades, Long Blades, Axes, Maces & Flails, Polearms, Staves and Unarmed
   Combat.
   Elements:  Fire Magic, Ice Magic, Air Magic and Earth Magic.
 S - the +3 leather armour "Ihutz" {Rampage rC+++ Int-3}
   (You found it in a Gauntlet)

   Int-3:     It affects your intelligence (-3).
   rC+++:     It renders you almost immune to cold.
   Rampage:   It bestows one free step when moving towards enemies.
 T - the cursed +2 hat "Thunder Perfect Mind" (worn) {rC+ rCorr Dex+4, Bglg, Elem}
   (You found it in a Gauntlet)

   Dex+4:     It affects your dexterity (+4).
   rC+:       It protects you from cold.
   rCorr:     It protects you from acid and corrosion.
   It has a curse which improves the following skills: Beguiling: Hexes and
   Translocations.
   Elements:  Fire Magic, Ice Magic, Air Magic and Earth Magic.
Magical Staves
 t - a staff of air
 A - a staff of earth
 J - the cursed staff of the Fated Bitterness (weapon) {rPois Alchemy, Sorc, Range}
   (You found it on level 10 of the Dungeon)

   [staff of alchemy]

   Base accuracy: +5 Base damage: 5 Base attack delay: 1.2 This weapon's minimum
   attack delay (0.6) is reached at skill level 12.
   rPois:     It protects you from poison.
   Alchemy:   It increases the power of your Alchemy spells.
   It falls into the 'Staves' category.
   It is a one-handed weapon.
   It has a curse which improves the following skills: Sorcery: Conjurations and
   Alchemy.
   Ranged Combat: Ranged Weapons and Throwing.
Jewellery
 e - the cursed amulet "Lashed Burden" (around neck) {Reflect SH+5, Cun, Elem}
   (You found it on level 4 of the Dungeon)

   [amulet of reflection]

   Reflect:   It reflects blocked missile attacks.
   SH+5:      It affects your SH (+5).
   It has a curse which improves the following skills: Cunning: Dodging and
   Stealth.
   Elements:  Fire Magic, Ice Magic, Air Magic and Earth Magic.
 l - a ring of ice
 o - the cursed ring of Star-Bound Wisdom (right hand) {Fire MP+9 Int+3, Elem, Sorc}
   (You found it on level 4 of the Dungeon)

   [ring of fire]

   Fire:      It enhances your fire magic.
   Int+3:     It affects your intelligence (+3).
   rF+:       It protects you from fire.
   rC-:       It makes you vulnerable to cold.
   MP+9:      It affects your magic capacity (+9).
   It has a curse which improves the following skills: Elements: Fire Magic, Ice
   Magic, Air Magic and Earth Magic.
   Sorcery:   Conjurations and Alchemy.
 K - a ring of willpower
 P - a +6 ring of dexterity
 R - the cursed ring "At What Cost Knowledge?" (left hand) {Fly rPois EV+5 Str+3 Int+2, Self, Sorc}
   (You found it in a Gauntlet)

   [ring of evasion]

   EV+5:      It affects your evasion (+5).
   Str+3:     It affects your strength (+3).
   Int+2:     It affects your intelligence (+2).
   rPois:     It protects you from poison.
   Fly:       It grants you flight.
   It has a curse which improves the following skills: Introspection: Fighting
   and Spellcasting.
   Sorcery:   Conjurations and Alchemy.
 Y - a +5 ring of evasion
Wands
 n - a wand of iceblast (10)
 p - a wand of paralysis (34)
 r - a wand of polymorph (20)
 v - a wand of quicksilver (36)
 z - a wand of flame (42)
 Q - a wand of digging (8)
Scrolls
 c - 3 scrolls of immolation
 g - 3 scrolls of blinking
 j - 4 scrolls of noise
 m - 4 scrolls of fog
 u - 3 scrolls of vulnerability
 y - 3 scrolls of enchant armour
 H - a scroll of revelation
 I - a scroll of fear
 L - a scroll of poison
 M - a scroll of torment
 U - a scroll of enchant weapon
 V - 2 scrolls of teleportation
 W - a scroll of silence
Potions
 b - 5 potions of attraction
 f - 2 potions of mutation
 h - 7 potions of haste
 i - a potion of curing
 k - 6 potions of degeneration
 s - 7 potions of lignification
 C - 2 potions of invisibility
 D - 5 potions of might
 E - 7 potions of cancellation
 F - 2 potions of resistance
 G - 2 potions of enlightenment
 O - 2 potions of brilliance
Miscellaneous
 d - a phantom mirror


   Skills:
 + Level 14.3(17.4) Fighting
 + Level 15.7(18.7) Dodging
 - Level 12.8(15.9) Stealth
 + Level 11.4(14.5) Spellcasting
 + Level 11.4(15.5) Conjurations
 + Level 11.4(13.5) Hexes
 + Level 11.4 Summonings
 + Level 11.4 Necromancy
 + Level 11.4(13.5) Translocations
 + Level 11.4(17.2) Fire Magic
 + Level 11.4(17.2) Ice Magic
 + Level 11.4(17.2) Air Magic
 + Level 11.4(17.2) Earth Magic
 + Level 11.4(15.5) Alchemy


You knew the following spells:

 Your Spells              Type           Power      Damage    Failure   Level
a - Foxfire               Conj/Fire      100%       2x1d9     0%          1
b - Scorch                Fire           100%       2d9       0%          2
c - Volatile Blastmotes   Fire/Tloc      100%       2d18      0%          3
d - Inner Flame           Hex/Fire       100%       N/A       0%          3
e - Flame Wave            Conj/Fire      100%       2d21      1%          4
f - Sandblast             Erth           100%       2d20      0%          1
g - Mercury Vapours       Alch/Air       100%       N/A       0%          2
h - Call Canine Familiar  Summ           72%        N/A       1%          3
i - Cause Fear            Hex            39%        N/A       1%          4
j - Martyr's Knell        Necr/Summ      72%        N/A       1%          4
k - Silence               Hex/Air        42%        N/A       1%          5
l - Summon Cactus Giant   Summ           36%        N/A       3%          6
Your spell library was empty.

Dungeon Overview and Level Annotations

Branches:
Dungeon (14/15)            Temple (0/1) D:7            Lair (5/5) D:9
  Swamp (0/4) Lair:2        Snake (0/4) Lair:3        Slime (0/5) Lair:5
    Orc (2/2) D:9             Elf (0/3) Orc:2        Bailey (visited)
Gauntlet (visited)
 Vaults: D:13-14

Altars:
Ashenzari
Dithmenos
Fedhas
Hepliaklqana
Makhleb
Okawaru
Qazlal
Ru
Trog
Uskayaw
Wu Jian
Xom
The Shining One
Beogh
Jiyva

Shops:
D:2 (:[   D:7 [   D:8 (   D:12 !   Orc:2 *[[=

Annotations:
D:10 exclusion: obsidian statue
D:14 Roxanne
Lair:5 1 runed translucent door


Innate Abilities, Weirdness & Mutations

You are immune to sickness and miasma.
You are immune to poison.
Your flesh is very heat resistant. (rF++)
You are vulnerable to cold. (rC-)
You float through the air rather than walking.
You learn spells naturally, not from books.
Your magical power is your life essence.
You have superior vitality. (+4 MHP)
You are partially covered in iridescent scales. (AC +2)
You passively map a small area around you.
You are resistant to electric shocks. (rElec)
Your movements are slightly less encumbered by armour. (ER -2)


Message History

Roxanne is severely damaged.
Your martyred shade disappears in a puff of smoke!
Roxanne mumbles some strange words.
The iron shot hits your cactus giant!!
Casting: Sandblast (safe; 0% risk of failure)
Confirm with . or Enter, or press ? or * to list all spells.
You feel a surge of power!
Flames lash Roxanne but do no damage.
Your cactus giant hits Roxanne with a +0 giant spiked club!
Roxanne casts a spell.
The crystal spear hits your cactus giant!!!
Your cactus giant is destroyed!
Your cactus giant disappears in a puff of smoke!
Casting: Scorch (safe; 0% risk of failure)
Confirm with . or Enter, or press ? or * to list all spells.
You can't see any susceptible monsters within range! (Use Z to cast anyway.)
Casting: Scorch (safe; 0% risk of failure)
Confirm with . or Enter, or press ? or * to list all spells.
You feel a surge of power!
Flames lash Roxanne.
Roxanne resists.
Roxanne is almost destroyed.
Unknown command.
Casting: Scorch (safe; 0% risk of failure)
Confirm with . or Enter, or press ? or * to list all spells.
You feel a surge of power!
Flames lash Roxanne but do no damage.
Roxanne mumbles some strange words.
You blink.
Casting: Scorch (safe; 0% risk of failure)
Confirm with . or Enter, or press ? or * to list all spells.
Roxanne casts a spell.
The crystal spear hits you!!!
* * * LOW HITPOINT WARNING * * *
Unknown command.
You feel yourself speed up.
You feel better.
You feel better.
You feel better.
You feel better.
You feel better.
Roxanne casts a spell.
The iron shot hits you!!!
You die...

*,,.>...##**,.#*,,,,,,,
**,,.....#*,.#*,,,,,,,,
*,,,....##..##,,,,,,,*
****#...<....##,,,,,,*
#..........*,,,,,*
##..##.I.#,,,,,,,** ###
###....=.C.##**,,,,**
§.###...........##****,,*
..............).@# ****
..###............# ..#
##..........## .##
#...........# .#
#..........## .#
#..........# .#
#......(...# .#
#.....^...## .#
#.........*


You could see Roxanne (combustible, ally target) and a friendly cactus giant
(summoned).

Vanquished Creatures
  A quicksilver ooze (Gauntlet)
  A dire elephant (Lair:5)
  A minotaur (Gauntlet)
  Fannar (D:10)
  3 hydras
  A merfolk avatar (Lair:5)
  8 two-headed ogres
  5 boulder beetles
  A centaur warrior (D:13)
  A tengu warrior (D:13)
  A soul eater (Gauntlet)
  Amaemon (D:9)
  3 skeletal warriors
  2 skysharks
  4 sea snakes (Lair:5)
  A deep elf pyromancer (D:13)
  2 harpies (Lair:5)
  6 orc sorcerers
  5 orc knights
  4 manticores
  4 ugly things
  4 cyclopes
  2 oklob plants
  Joseph (Lair:1)
  6 elephants (Lair:5)
  3 kobold blastminers (Orc:2)
  4 orange demons
  4 black mambas
  11 cane toads
  An unseen horror (D:13)
  5 rime drakes
  12 komodo dragons
  A kobold demonologist (D:10)
  7 trolls
  A merfolk (D:11)
  13 blink frogs
  A hornet (Lair:5)
  2 polar bears
  A wind drake (Lair:5)
  5 dream sheep (Lair:5)
  2 slime creatures (D:13)
  2 shadows
  A vampire (D:13)
  2 wraiths (D:12)
  49 yaks
  A nameless horror (Lair:5)
  2 hogs
  2 basilisks
  7 wyverns
  A golden eye (Gauntlet)
  3 wargs
  3 vampire mosquitoes
  A steam dragon (D:8)
  3 nagas (Lair:3)
  An acid dragon (D:9)
  20 water moccasins
  12 orc warriors
  A black bear (shapeshifter) (D:11)
  An ice beast (D:7)
  10 black bears
  3 ogres
  A wolf (Lair:3)
  9 centaurs
  A phantom (D:6)
  11 kobold brigands
  Blork the orc (D:6)
  20 bullfrogs
  2 gnoll sergeants
  5 scorpions
  4 wights (D:8)
  4 killer bees
  9 electric eels
  3 howler monkeys
  5 gnoll boudas
  2 jellies
  6 hounds
  9 orc priests
  3 iguanas
  2 sleepcaps
  25 orc wizards
  A boggart zombie (D:13)
  11 hell rats
  2 centaur simulacra
  5 adders
  27 gnolls
  4 shadow imps (Gauntlet)
  4 white imps
  3 dart slugs
  4 ribbon worms
  64 orcs
  11 ball pythons
  4 endoplasms
  5 giant cockroaches
  10 goblins
  5 hobgoblins
  2 jackals (D:3)
  5 quokkas
  3 bats
  4 frilled lizards
  31 kobolds
  4 rats
598 creatures vanquished.

Vanquished Creatures (collateral kills)
  An entropy weaver (shapeshifter) (D:13)
  A two-headed ogre (D:12)
  A centaur warrior (D:13)
  3 skeletal warriors (D:13)
  2 skysharks (Lair:5)
  A deep elf pyromancer (D:13)
  An orc knight (Orc:2)
  An ugly thing (D:12)
  A manticore (D:12)
  3 obsidian bats
  An elephant (Lair:5)
  2 centaur zombies (D:13)
  A cane toad (Lair:5)
  A kobold demonologist (D:13)
  A tengu conjurer (D:13)
  A komodo dragon (Lair:5)
  An efreet (D:14)
  A polar bear (Lair:5)
  A blink frog (Lair:5)
  2 slime creatures (D:13)
  A wraith (D:13)
  A shadow (D:10)
  3 yaks
  A vampire (D:13)
  2 wyverns
  2 vampire mosquitoes (D:9)
  6 wargs (Orc:2)
  A water moccasin (Lair:4)
  4 orc warriors
  2 centaurs
  2 bullfrogs
  An orc priest (Orc:2)
  A gnoll bouda (D:9)
  2 orc wizards
  2 gnolls
  10 orcs
  17 foxfires
85 creatures vanquished.

Vanquished Creatures (others)
  2465 foxfires
2465 creatures vanquished.

Grand Total: 3148 creatures vanquished

Notes
Turn   | Place    | Note
-------+----------+-------------------------------------------
     0 | D:1      | Rohain the Djinni Fire Elementalist began the quest for the
                  | Orb.
     0 | D:1      | Rohain set off with the following spells memorised:
                  | Foxfire, Scorch, Volatile Blastmotes, Inner Flame, Flame
                  | Wave.
     0 | D:1      | Reached XP level 1. HP: 15/15 MP: 0/0
   199 | D:1      | Reached XP level 2. HP: 17/21 MP: 0/0
   468 | D:1      | Reached XP level 3. HP: 24/26 MP: 0/0
   468 | D:1      | Learned a level 1 spell: Sandblast
   693 | D:1      | Reached skill level 1 in Fighting
  1026 | D:2      | Found Qiloiph's Antique Weapon Boutique.
  1352 | D:2      | Reached XP level 4. HP: 25/32 MP: 0/0
  1440 | D:2      | Found Lopiat's Antique Armour Shoppe.
  1447 | D:2      | Found Dyatum's Book Shop.
  1453 | D:2      | You are sucked into a shaft and drop 1 floor!
  1610 | D:3      | Reached skill level 3 in Dodging
  1655 | D:3      | Found a shadowy altar of Dithmenos.
  1927 | D:3      | Found a burning altar of Makhleb.
  1974 | D:3      | Reached XP level 5. HP: 33/38 MP: 0/0
  1974 | D:3      | Learned a level 2 spell: Mercury Vapours
  2538 | D:4      | Reached XP level 6. HP: 44/44 MP: 0/0
  2741 | D:4      | Found a hazy altar of Hepliaklqana.
  2901 | D:4      | Identified the ring "Furoc" {Fire MP+9 Int+3}
  3017 | D:4      | Found a broken altar of Ashenzari.
  3021 | D:4      | Found a sacrificial altar of Ru.
  3021 | D:4      | Found a glowing golden altar of the Shining One.
  3021 | D:4      | Found a shimmering altar of Xom.
  3021 | D:4      | Found an ornate altar of the Wu Jian Council.
  3021 | D:4      | Found a stormy altar of Qazlal.
  3022 | D:4      | Found an iron altar of Okawaru.
  3045 | D:4      | Became a worshipper of Ashenzari the Shackled
  3324 | D:5      | Entered Level 5 of the Dungeon
  3460 | D:5      | Noticed an ogre
  3467 | D:5      | Killed an ogre
  3468 | D:5      | Reached skill level 4 in Dodging
  3741 | D:5      | Reached XP level 7. HP: 44/50 MP: 0/0
  3741 | D:5      | Learned a level 3 spell: Call Canine Familiar
  4299 | D:6      | Noticed Blork the orc
  4308 | D:6      | Reached XP level 8. HP: 52/58 MP: 0/0
  4308 | D:6      | Killed Blork the orc
  4309 | D:6      | Reached skill level 5 in Dodging
  4387 | D:6      | Found a hide-covered altar of Uskayaw.
  4731 | D:7      | Found a blossoming altar of Fedhas.
  5028 | D:7      | Found Wumab's Antique Armour Shop.
  5039 | D:7      | Bought a pair of glowing gloves for 165 gold pieces
  5087 | D:7      | Found a staircase to the Ecumenical Temple.
  5098 | D:7      | Found a flagged portal.
  5115 | Bailey   | Entered a bailey
  5561 | Bailey   | Noticed an orc knight
  5579 | Bailey   | Killed an orc knight
  5580 | Bailey   | Reached skill level 5 in Fighting
  5580 | Bailey   | Reached skill level 6 in Dodging
  5580 | Bailey   | Reached skill level 5 in Stealth
  5580 | Bailey   | Reached skill level 5 in Spellcasting
  5580 | Bailey   | Reached skill level 5 in Conjurations
  5580 | Bailey   | Reached skill level 5 in Hexes
  5580 | Bailey   | Reached skill level 5 in Summonings
  5580 | Bailey   | Reached skill level 5 in Necromancy
  5580 | Bailey   | Reached skill level 5 in Translocations
  5580 | Bailey   | Reached skill level 5 in Fire Magic
  5580 | Bailey   | Reached skill level 5 in Ice Magic
  5580 | Bailey   | Reached skill level 5 in Air Magic
  5580 | Bailey   | Reached skill level 5 in Earth Magic
  5580 | Bailey   | Reached skill level 5 in Alchemy
  5580 | Bailey   | Reached XP level 9. HP: 27/65 MP: 0/0
  5580 | Bailey   | Learned a level 4 spell: Cause Fear
  6935 | D:8      | Reached * piety under Ashenzari
  6957 | D:8      | Noticed a two-headed ogre
  6969 | D:8      | Killed a two-headed ogre
  6970 | D:8      | Reached skill level 7 in Dodging
  7019 | D:8      | Reached XP level 10. HP: 34/73 MP: 0/0
  7529 | D:8      | Found Qadadism's Antique Weapon Shoppe.
  7667 | D:8      | Reached ** piety under Ashenzari
  7902 | D:8      | Reached skill level 8 in Dodging
  8225 | D:9      | Identified the +4 leather armour of the Akabeko {+Inv}
  8486 | D:9      | Noticed a cyclops
  8528 | D:9      | Killed a cyclops
  8831 | D:9      | Found a staircase to the Orcish Mines.
  9645 | D:9      | Reached skill level 9 in Dodging
  9645 | D:9      | Reached XP level 11. HP: 72/84 MP: 0/0
  9645 | D:9      | Learned a level 4 spell: Martyr's Knell
  9897 | D:9      | Found a staircase to the Lair.
  9943 | D:9      | Reached *** piety under Ashenzari
 10473 | D:10     | Entered Level 10 of the Dungeon
 10979 | D:10     | Noticed a two-headed ogre
 10981 | D:10     | Noticed a red ugly thing
 11013 | D:10     | Killed a red ugly thing
 11427 | D:10     | Killed a two-headed ogre
 11428 | D:10     | Reached skill level 10 in Dodging
 11507 | D:10     | Noticed a skeletal warrior
 11507 | D:10     | Noticed a boulder beetle
 11527 | D:10     | Killed a boulder beetle
 12030 | D:10     | Reached XP level 12. HP: 85/93 MP: 0/0
 12120 | D:10     | Noticed Fannar
 12136 | D:10     | Killed Fannar
 12255 | D:10     | Killed a skeletal warrior
 12345 | D:10     | Noticed a two-headed ogre
 12368 | D:10     | Killed a two-headed ogre
 12587 | D:10     | Noticed a two-headed ogre
 12607 | D:10     | Killed a two-headed ogre
 12763 | D:10     | Found a bloodstained altar of Trog.
 13245 | D:11     | Reached skill level 11 in Dodging
 13829 | D:11     | Reached skill level 10 in Fighting
 14475 | D:11     | Identified the +0 leather armour of Mameocog {rN+ rCorr}
 14737 | D:11     | Noticed a two-headed ogre
 14742 | D:11     | Killed a two-headed ogre
 15039 | D:11     | Noticed a two-headed ogre
 15051 | D:11     | Killed a two-headed ogre
 15052 | D:11     | Reached XP level 13. HP: 25/102 MP: 0/0
 15052 | D:11     | Learned a level 5 spell: Silence
 16232 | D:12     | Reached skill level 10 in Stealth
 16402 | D:12     | Reached skill level 12 in Dodging
 16441 | D:12     | Found Socwuxe's Distillery.
 17238 | D:13     | Noticed a centaur warrior
 17524 | D:13     | Killed a centaur warrior
 17843 | D:13     | Reached **** piety under Ashenzari
 18331 | Lair:1   | Entered Level 1 of the Lair of Beasts
 18331 | Lair:1   | Noticed Amaemon
 18353 | D:9      | Killed Amaemon
 18578 | Lair:1   | Identified the +2 ring mail of Watchfulness {Dex+3}
 18895 | Lair:1   | Reached XP level 14. HP: 92/112 MP: 0/0
 18907 | Lair:1   | Reached skill level 13 in Dodging
 19083 | Lair:1   | Noticed Joseph
 19098 | Lair:1   | Killed Joseph
 19851 | Lair:1   | Reached ***** piety under Ashenzari
 21555 | Lair:2   | Found a staircase to the Swamp.
 22218 | Lair:3   | Found a gate leading to a gauntlet.
 22223 | Gauntlet | Entered a Gauntlet
 22223 | Gauntlet | Found a transporter.
 22223 | Gauntlet | Found a transporter.
 22326 | Gauntlet | Found a transporter.
 22343 | Gauntlet | Identified the +3 leather armour "Ihutz" {Rampage rC+++
                  | Int-3}
 22344 | Gauntlet | Found a transporter.
 22344 | Gauntlet | Found a transporter.
 22347 | Gauntlet | Found a transporter.
 22347 | Gauntlet | Found a transporter.
 22347 | Gauntlet | Found a transporter.
 22348 | Gauntlet | Noticed a quicksilver ooze
 22359 | Gauntlet | Identified the +0 ring mail "Noheod" {rPois Int+3 Stlth+}
 22361 | Gauntlet | Found a transporter.
 22369 | Gauntlet | Identified the +2 hat of the Fisher {rC+ rCorr Dex+4}
 22376 | Gauntlet | Identified the amulet "Akorch" {Reflect rElec rF+ rC+ rN+
                  | SH+5}
 22377 | Gauntlet | Found a transporter.
 22387 | Gauntlet | Found a transporter.
 22390 | Gauntlet | Identified the ring of Dadits {Will+ Str+6 Int+4 Stlth-}
 22402 | Gauntlet | Found a transporter.
 22423 | Gauntlet | Found a transporter.
 22424 | Gauntlet | Identified the ring of the Rose {Fly rPois EV+5 Str+3
                  | Int+2}
 22439 | Gauntlet | Found a transporter.
 22626 | Gauntlet | Reached skill level 10 in Spellcasting
 22626 | Gauntlet | Reached skill level 10 in Conjurations
 22626 | Gauntlet | Reached skill level 10 in Hexes
 22626 | Gauntlet | Reached skill level 10 in Summonings
 22626 | Gauntlet | Reached skill level 10 in Necromancy
 22626 | Gauntlet | Reached skill level 10 in Translocations
 22626 | Gauntlet | Reached skill level 10 in Fire Magic
 22626 | Gauntlet | Reached skill level 10 in Ice Magic
 22626 | Gauntlet | Reached skill level 10 in Air Magic
 22626 | Gauntlet | Reached skill level 10 in Earth Magic
 22626 | Gauntlet | Reached skill level 10 in Alchemy
 22749 | Gauntlet | Gained mutation: You are weak. (Str -2) [a shining eye]
 22753 | Gauntlet | Gained mutation: You are clumsy. (Dex -2) [a shining eye]
 22754 | Gauntlet | Gained mutation: You are dopey. (Int -2) [a shining eye]
 22759 | Gauntlet | Gained mutation: You are occasionally teleported next to
                  | monsters. [a shining eye]
 23014 | Gauntlet | Killed a quicksilver ooze
 23076 | Gauntlet | Noticed a minotaur
 23087 | Gauntlet | Killed a minotaur
 24383 | Lair:3   | Found a staircase to the Snake Pit.
 24771 | Lair:4   | Reached skill level 14 in Dodging
 25526 | Lair:4   | Reached XP level 15. HP: 110/118 MP: 0/0
 25526 | Lair:4   | Learned a level 6 spell: Summon Cactus Giant
 26262 | Lair:5   | Entered Level 5 of the Lair of Beasts
 27085 | Lair:5   | Found a runed translucent door.
 27086 | Lair:5   | Found a viscous altar of Jiyva.
 27087 | Lair:5   | Noticed an azure jelly
 27111 | Lair:5   | Noticed an azure jelly
 27113 | Lair:5   | Found a staircase to the Slime Pits.
 27113 | Lair:5   | Noticed an azure jelly
 27458 | Lair:5   | Lost mutation: You are dopey. (Int -2) [potion of mutation]
 27458 | Lair:5   | Lost mutation: You are occasionally teleported next to
                  | monsters. [potion of mutation]
 27458 | Lair:5   | Gained mutation: You are very weak. (Str -4) [potion of
                  | mutation]
 27458 | Lair:5   | Gained mutation: Armour fits poorly on your strangely
                  | shaped body. [potion of mutation]
 27459 | Lair:5   | Lost mutation: Armour fits poorly on your strangely shaped
                  | body. [potion of mutation]
 27459 | Lair:5   | Lost mutation: You are clumsy. (Dex -2) [potion of
                  | mutation]
 27459 | Lair:5   | Lost mutation: You are very weak. (Str -4) [potion of
                  | mutation]
 27459 | Lair:5   | Gained mutation: You are dopey. (Int -2) [potion of
                  | mutation]
 27460 | Lair:5   | Lost mutation: You are dopey. (Int -2) [potion of mutation]
 27460 | Lair:5   | Lost mutation: You are weak. (Str -2) [potion of mutation]
 27460 | Lair:5   | Gained mutation: You sometimes lose your temper in combat.
                  | [potion of mutation]
 27460 | Lair:5   | Gained mutation: You passively map a small area around you.
                  | [potion of mutation]
 27460 | Lair:5   | Gained mutation: You are somewhat resistant to further
                  | mutation. [potion of mutation]
 27461 | Lair:5   | Lost mutation: You sometimes lose your temper in combat.
                  | [potion of mutation]
 27461 | Lair:5   | Lost mutation: You are somewhat resistant to further
                  | mutation. [potion of mutation]
 27461 | Lair:5   | Gained mutation: Your movements are slightly less
                  | encumbered by armour. (ER -2) [potion of mutation]
 27461 | Lair:5   | Gained mutation: You are partially covered in iridescent
                  | scales. (AC +2) [potion of mutation]
 27461 | Lair:5   | Gained mutation: You are resistant to electric shocks.
                  | (rElec) [potion of mutation]
 28968 | Orc:1    | Entered Level 1 of the Orcish Mines
 29374 | Orc:2    | Entered Level 2 of the Orcish Mines
 29595 | Orc:2    | Reached skill level 15 in Dodging
 30557 | Orc:2    | Found a roughly hewn altar of Beogh.
 30560 | Orc:2    | Found Yfooppu's Armour Shoppe.
 31067 | Orc:2    | Found Wunickih's Jewellery Emporium.
 31121 | Orc:2    | Reached XP level 16. HP: 84/130 MP: 0/0
 31319 | Orc:2    | Found Ynuwyuli's General Store.
 31338 | Orc:2    | Found Searph's Antique Armour Emporium.
 31629 | Orc:2    | Found a staircase to the Elven Halls.
 33633 | D:14     | Noticed Roxanne
 33881 | D:14     | HP: 2/130 [Roxanne/crystal spear (43)]
 33887 | D:14     | Killed from afar by Roxanne

Illustrated notes

Levels and vault maps discovered:
D:1:      minmay_arrival_wavy_path, layout_loops_ring
D:2:      layout_basic, basic_altar, serial_shops, nicolae_shop_peninsula, shop,
          nicolae_shop_trees
D:3:      layout_basic, lemuel_tele_altar, lightli_temple_of_fire
D:4:      kb_forest_paths, layout_basic, mainiacjoe_overflow_cross_hatched,
          led_sif_pool, grunt_temple_overflow_open
D:5:      layout_basic, hangedman_decor_push
D:6:      layout_rooms, nicolae_uskayaw_dance_studio, minmay_unpleasant_kobolds,
          uniq_blork_the_orc
D:7:      layout_basic, kennysheep_little_box, minmay_temple_entry_tees,
          serial_corexii_hall, chequers_hall_statues_y, corexii_hall_statues_i,
          corexii_hall_statues_x, enter_bailey_5, serial_shops,
          nicolae_shop_window_shopping, minivault_10, fountainhead
D:8:      layout_basic, serial_shops, nicolae_shop_dealshenge
D:9:      layout_loops_corners, due_lair_maze_entry_diamond, erik_orc_3,
          st_stairs_3
D:10:     cheibrodos_fzero, layout_basic, trog_three_pillars_becter,
          kennysheep_path_1, minmay_protected_statue, uniq_fannar
D:11:     kennysheep_town
D:12:     layout_loops_ring, serial_shops, shop, einodemon_barbed_minivault
D:13:     layout_roguey, serial_undead, serial_undead_b, serial_undead_e,
          serial_undead_e, serial_undead_e, serial_undead_c, serial_undead_d
D:14:     layout_cave_pods, hellmonk_vaults_attempted_burglary,
          nicolae_tso_swordbearing_angel, uniq_kirke, uniq_azrael, uniq_roxanne
Lair:1:   layout_gridlike, grunt_megastairs_5, uniq_amaemon, uniq_joseph
Lair:2:   layout_cave_pods, swamp_mist
Lair:3:   layout_chaotic_city, nicolae_snake_entry_squirm,
          gauntlet_entry_generic, st_stairs_12
Lair:4:   layout_regular_city, chequers_serial_rivers_small_a,
          infiniplex_staircase_pool, lemuel_fruit_fields
Lair:5:   gammafunk_lair_ancient_temple, layout_loops_ring, slime_entry_2,
          st_stairs_3, minmay_lair_oklob_items
Orc:1:    emtedronai_trogs_sanctum, layout_caves
Orc:2:    st_orc_town, layout_caves

Skill      XL: |  1  2  3  4  5  6  7  8  9 10 11 12 13 14 15 16 |
---------------+-------------------------------------------------+-----
Fighting       | 1 2 3 5 6 7 9 10 11 12 13 14 | 14.3
Stealth        | 2 3 4 5 6 7 8 9 10 12 | 12.8
Dodging        | 3 4 6 7 9 10 11 12 14 15 | 15.7
Spellcasting   | 4 5 6 7 8 9 10 11 | 11.4
Conjurations   | 4 5 6 7 8 9 10 11 | 11.4
Hexes          | 4 5 6 7 8 9 10 11 | 11.4
Summonings     | 4 5 6 7 8 9 10 11 | 11.4
Necromancy     | 4 5 6 7 8 9 10 11 | 11.4
Translocations | 4 5 6 7 8 9 10 11 | 11.4
Fire Magic     | 4 5 6 7 8 9 10 11 | 11.4
Ice Magic      | 4 5 6 7 8 9 10 11 | 11.4
Air Magic      | 4 5 6 7 8 9 10 11 | 11.4
Earth Magic    | 4 5 6 7 8 9 10 11 | 11.4
Alchemy        | 4 5 6 7 8 9 10 11 | 11.4

Action                     |  1- 3 |  4- 6 |  7- 9 | 10-12 | 13-15 | 16-18 || total
---------------------------+-------+-------+-------+-------+-------+-------++-------
  Melee: Unarmed           |       |       |     1 |       |       |       ||     1
         Staff             |       |       |       |    10 |     8 |     1 ||    19
   Cast: Foxfire           |   110 |    85 |   110 |   370 |   717 |    42 ||  1434
         Scorch            |     3 |    11 |    60 |   243 |   418 |   116 ||   851
         Sandblast         |       |    11 |       |       |    22 |    10 ||    43
         Mercury Vapours   |       |     7 |     4 |    12 |    16 |     1 ||    40
         Volatile Blastmot |       |     1 |       |     1 |     4 |     3 ||     9
         Call Canine Famil |       |       |    10 |    19 |    28 |     5 ||    62
         Flame Wave        |       |       |     4 |     5 |    23 |       ||    32
         Cause Fear        |       |       |     1 |     6 |    10 |     1 ||    18
         Inner Flame       |       |       |       |    14 |    12 |       ||    26
         Martyr's Knell    |       |       |       |    14 |    22 |    15 ||    51
         Summon Cactus Gia |       |       |       |       |    23 |    24 ||    47
 Invoke: Curse Item        |       |       |     2 |     3 |     5 |       ||    10
         Shatter the Chain |       |       |       |       |     2 |       ||     2
    Use: Scroll            |       |     5 |     9 |       |     4 |       ||    18
         Potion            |       |       |     2 |     1 |     8 |     8 ||    19
   Stab: Distracted        |       |       |       |       |     1 |       ||     1
 Armour: Robe              |     4 |     3 |    27 |     2 |       |       ||    36
         Leather armour    |       |       |       |    90 |   236 |    36 ||   362
  Dodge: Dodged            |    11 |     6 |    48 |   134 |   595 |    81 ||   875
  Block: Other             |       |       |     2 |       |       |       ||     2

Table legend: (Time is in decaauts)
 A = Elapsed time spent in this place.
 B = Non-inter-level travel time spent in this place.
 C = Inter-level travel time spent in this place.
 D = Time resting spent in this place.
 E = Time spent auto-exploring this place.
 F = Levels seen in this place.
 G = Mean time per level.
                   A        B        C        D        E       F      G
               +--------+--------+--------+--------+--------+-----+--------+
         Total |  33917 |  32967 |    950 |   8764 |  18375 |  23 | 1474.7 |
       Dungeon |  20242 |  19453 |    789 |   4440 |  11738 |  14 | 1445.9 |
          Lair |   9324 |   9187 |    137 |   2826 |   4745 |   5 | 1864.8 |
  Orcish Mines |   2431 |   2407 |     24 |    902 |   1086 |   2 | 1215.5 |
        Bailey |    841 |    841 |      0 |    253 |    396 |   1 |  841.0 |
      Gauntlet |   1076 |   1076 |      0 |    343 |    410 |   1 | 1076.0 |
               +--------+--------+--------+--------+--------+-----+--------+

Top non-repeatable levels by time:
    D:11: 3035 daAuts
     D:9: 2990 daAuts
  Lair:1: 2436 daAuts
    D:13: 2327 daAuts
  Lair:5: 2260 daAuts
    D:10: 2146 daAuts
     D:8: 1802 daAuts
  Lair:3: 1785 daAuts
   Orc:2: 1666 daAuts
  Lair:4: 1633 daAuts
    D:12: 1538 daAuts
     D:7: 1377 daAuts
  Lair:2: 1207 daAuts
Gauntlet: 1076 daAuts
     D:4: 1059 daAuts
